AoeStats
← DaGhostRider

Black Forest

511072328Analyzed
4v4 RM · 5h ago on Oct 3, 2026· 44m 38s· 8 players
Game mode
Random Map
Map size
Large (8 player)
Population
200
Speed
Normal
Resources
Standard
Victory
Conquest
Starting age
Dark Age
Ending age
Imperial Age
RankedLock teamsTeams togetherTeam positionsShared explorationLock speedFull tech treeHidden civsTurbo modeCheats
Victory
Defeat
🇷🇴 Britons · Romania
729
+14
🇹🇼 Turks · Taiwan
728
+14
🇺🇸 Teutons · United States
723
+15
🇨🇿 Teutons · Czechia
656
+17
🇲🇽 Malay · Mexico
816
-19
🇲🇽 Varangians · Mexico
724
-17
🇺🇸 Romans · United States
654
-14
🇲🇽 Teutons · Mexico
565
-10
aluv145
1:27 Loom
14:00 Feudal Age
19:45 Double-Bit Axe
24:02 Castle Age
25:34 Bow Saw
25:39 Fletching
27:19 Horse Collar
29:13 Padded Archer Armor
34:58 Heavy Plow
35:07 Scale Mail Armor
35:43 Ballistics
36:06 Gold Mining
36:07 Stone Mining
40:51 Imperial Age
40:22 Pikeman
40:29 Elite Skirmisher
43:53 Conscription
43:02 Gothikon
43:07 Vendel Legacy
44:30 Wheelbarrow
DaGhostRider
0:46 Loom
18:59 Feudal Age
23:19 Wheelbarrow
23:51 Horse Collar
24:01 Double-Bit Axe
29:15 Castle Age
30:42 Heavy Plow
30:50 Man-at-Arms
32:23 Hand Cart
35:21 Long Swordsman
38:55 Forging
38:46 Scale Mail Armor
40:44 Iron Casting
45:17 Imperial Age
andresanahuati
0:27 Loom
16:00 Feudal Age
16:52 Double-Bit Axe
17:57 Man-at-Arms
27:11 Castle Age
24:56 Horse Collar
25:42 Fletching
26:04 Forging
25:56 Padded Archer Armor
25:56 Scale Mail Armor
27:08 Gold Mining
27:27 Long Swordsman
28:03 Gambesons
28:39 Leather Archer Armor
33:02 Wheelbarrow
32:55 Heavy Plow
32:49 Stone Mining
33:16 Caravan
35:19 Bow Saw
37:07 Crossbowman
39:26 Scale Barding Armor
41:02 Hand Cart
40:36 Town Watch
41:29 Ballistics
miguelremis8
0:26 Loom
14:26 Feudal Age
13:45 Man-at-Arms
16:51 Arson
18:53 Wheelbarrow
21:48 Horse Collar
24:45 Castle Age
23:16 Double-Bit Axe
23:32 Gold Mining
25:08 Bow Saw
28:00 Heavy Plow
33:08 Hand Cart
34:45 Gold Shaft Mining
34:01 Stone Mining
39:18 Imperial Age
37:49 Crossbowman
38:35 Thumb Ring
37:53 Pikeman
41:13 Chemistry
40:19 Arbalester
42:44 Elite Skirmisher
ArepitoElote
0:48 Loom
16:57 Feudal Age
17:20 Man-at-Arms
26:26 Castle Age
25:44 Double-Bit Axe
33:41 Imperial Age
34:03 Forging
33:59 Scale Barding Armor
34:47 Bloodlines
35:41 Iron Casting
36:20 Chemistry
36:15 Wheelbarrow
36:49 Chain Barding Armor
36:24 Cavalier
39:01 Blast Furnace
Arlans天空
0:27 Loom
13:14 Feudal Age
19:55 Horse Collar
23:39 Castle Age
22:16 Gold Mining
22:16 Stone Mining
22:22 Stone Mining
22:19 Double-Bit Axe
25:54 Heavy Plow
26:51 Gold Shaft Mining
26:29 Bow Saw
27:11 Bloodlines
27:01 Husbandry
28:00 Fervor
28:10 Sanctity
28:15 Sanctity
29:28 Bloodlines
29:18 Husbandry
33:25 Wheelbarrow
32:35 Town Watch
36:32 Imperial Age
34:50 Hand Cart
34:20 Town Watch
36:02 Ballistics
35:38 Murder Holes
35:24 Treadmill Crane
35:55 Fortified Wall
35:56 Masonry
35:38 Fletching
35:49 Padded Archer Armor
36:01 Forging
35:56 Scale Barding Armor
36:12 Caravan
37:34 Town Patrol
38:49 Conscription
37:56 Elite Janissary
43:00 Artillery
zibo4074
3:54 Loom
12:44 Feudal Age
13:54 Double-Bit Axe
14:20 Horse Collar
24:10 Castle Age
22:48 Stone Mining
23:01 Gold Mining
22:44 Man-at-Arms
23:38 Arson
26:36 Bow Saw
26:31 Heavy Plow
27:21 Forging
27:12 Scale Mail Armor
27:21 Caravan
29:15 Wheelbarrow
28:52 Pikeman
29:32 Squires
29:18 Gambesons
32:35 Hand Cart
34:30 Stone Shaft Mining
33:24 Elite Skirmisher
35:49 Town Watch
38:50 Chain Mail Armor
39:10 Iron Casting
38:26 Fletching
38:36 Padded Archer Armor
38:42 Scale Barding Armor
39:09 Town Patrol
bogdanmarcel95
0:28 Loom
14:09 Feudal Age
16:10 Horse Collar
16:18 Double-Bit Axe
19:07 Castle Age
17:03 Stone Mining
18:00 Gold Mining
19:44 Wheelbarrow
20:43 Heavy Plow
20:56 Bow Saw
21:45 Gold Shaft Mining
29:37 Hand Cart
30:28 Padded Archer Armor
30:19 Fletching
33:03 Leather Archer Armor
32:39 Fletching
36:31 Imperial Age
35:49 Caravan
36:20 Coinage
35:52 Bodkin Arrow
36:19 Masonry
36:31 Ballistics
38:25 Two-Man Saw
38:31 Chemistry
38:04 Ring Archer Armor
37:35 Bracer
38:33 Hoardings
39:04 Architecture
38:39 Siege Engineers
38:45 Fortified Wall
38:17 Treadmill Crane
39:25 Elite Longbowman
40:27 Yeomen
39:38 Sappers
40:25 Forging
40:16 Scale Mail Armor
41:15 Heated Shot
41:31 Siege Engineers
41:21 Murder Holes
41:33 Arrowslits
45:17 Iron Casting
44:58 Chain Mail Armor
44:48 Scale Barding Armor
45:15 Banking
44:56 Guilds
Connection lost

Rejoining the realm…

Still unreachable

The connection could not be restored.

Session expired

The server has moved on; the page needs a fresh start.